 Dungeon Crawl Stone Soup version 0.17-a0-1954-g0dddeaa (webtiles) character file.

56 konokrad777 the Sneak (level 3, -3/16 HPs)
             Began as a Vine Stalker Enchanter on Oct 4, 2015.
             Slain by an adder (4 damage)
             ... on level 2 of the Dungeon.
             The game lasted 00:04:17 (918 turns).

konokrad777 the Sneak (Vine Stalker Enchanter)       Turns: 918, Time: 00:04:19

Health: -3/16      AC:  3    Str: 10    XL:     3   Next: 95%
Magic:  0/7        EV: 12    Int: 15    God:
Gold:   49         SH:  0    Dex: 15    Spells: 3 memorised, 0 levels left

rFire  . . .     SeeInvis .     h - +2 dagger (venom)
rCold  . . .     Clarity  .     b - +1 robe
rNeg   . . .     SustAt   .     (no shield)
rPois  .         Gourm    .     (no helmet)
rElec  .         Spirit   +     (no cloak)
rCorr  .         Warding  .     (no gloves)
rMut   .         Stasis   .     (no boots)
MR     .....                    (no amulet)
Stlth  +++.......               (no ring)
                                (no ring)

@: lethally poisoned (-3 -> -11), not resistant to hostile enchantments, fairly
stealthy
A: fangs 2, regeneration 1, magic shield, antimagic bite, no device heal 3, rot
immunity
a: no special abilities


You were on level 2 of the Dungeon.
You were not hungry.

You visited 1 branch of the dungeon, and saw 2 of its levels.

You collected 49 gold pieces.

Inventory:

Hand weapons
 h - a +2 dagger of venom (weapon)
Missiles
 e - a throwing net (quivered)
Armour
 b - a +1 robe (worn)
Scrolls
 a - a scroll of immolation {unknown}
 g - a scroll of recharging {unknown}
 i - a scroll of identify {unknown}
 j - a scroll of remove curse {unknown}
 k - a scroll of teleportation {unknown}
Books
 c - a book of Maledictions

   Spells                             Type                      Level
   a - Corona                         Hexes                        1
   b - Ensorcelled Hibernation        Hexes/Ice                    2
   c - Confuse                        Hexes                        3
   d - Tukima's Dance                 Hexes                        3
   e - Dazzling Spray                 Conjuration/Hexes            3
Comestibles
 d - a bread ration
 f - 3 chunks of flesh


   Skills:
 - Level 0.8 Short Blades
 - Level 1.5 Dodging
 + Level 5.0 Stealth
 - Level 2.1 Spellcasting
 * Level 3.9 Hexes


You couldn't memorise any spells.
You knew the following spells:

 Your Spells              Type           Power        Failure   Level  Hunger
a - Corona                Hex            ##.....      6%          1    #......
b - Ensorcelled Hibernat  Hex/Ice        #.....       17%         2    ###....
c - Confuse               Hex            ##......     17%         3    ###....


Dungeon Overview and Level Annotations

Branches:
Dungeon (2/15)

Altars:
Fedhas


Innate Abilities, Weirdness & Mutations

You have extremely sharp teeth.
Your natural rate of healing is unusually fast.
When hurt, damage is shared between your health and your magic reserves.
Your bite disrupts and absorbs the magic of your enemies.
Potions and wands cannot restore your health.
You are immune to rotting.


Message History

You miss the adder. You bite the adder. You drain its power.
You feel invigorated.
The adder is moderately wounded.
You feel sick. The adder bites you but does no damage.
You hit the adder.
The adder is severely wounded.
You feel sick. The adder bites you.
* * * LOW HITPOINT WARNING * * *
You hit the adder but do no damage.
The adder is poisoned.
Your bite misses the adder.
The adder is severely wounded.
The adder closely misses you.
You miss the adder.
The adder is severely wounded.
* * * LOW HITPOINT WARNING * * *
You feel sick. The adder bites you.
* * * LOW HITPOINT WARNING * * *
You are more poisoned.
The adder poisons you! The adder bites you.
You die...

####### ##.#......
#.....# ##....###..
#.....# #....####.#
#.....# #...##....#
#.....###..###.####
#..........###.#
##..........##.###
##...####.##......##
#.S@## #.#####.#...
#..## #.###...####
##..# #.##..###
#...# #.#..## ##..##
#...## #...# ###..#
#...#.# #..## ####
#...##.# #...###...
#..... ..#
#.#...#...


You could see an adder.

Vanquished Creatures
  Natasha (D:2)
  A ball python (D:2)
  2 giant cockroaches (D:1)
  5 goblins
  3 hobgoblins (D:1)
  2 quokkas (D:2)
  6 bats
  2 giant geckos
  A giant newt (D:2)
  4 kobolds
  4 rats (D:1)
31 creatures vanquished.

Notes
Turn   | Place    | Note
--------------------------------------------------------------
     0 | D:1      | konokrad777 the Vine Stalker Enchanter began the quest for the Orb.
     0 | D:1      | Reached XP level 1. HP: 9/9 MP: 4/4
    66 | D:1      | Reached skill level 4 in Stealth
    81 | D:1      | Reached XP level 2. HP: 13/13 MP: 6/6
   139 | D:1      | Learned a level 2 spell: Ensorcelled Hibernation
   682 | D:2      | Reached XP level 3. HP: 16/16 MP: 7/7
   770 | D:2      | Found a blossoming altar of Fedhas.
   807 | D:2      | Noticed Natasha
   816 | D:2      | Learned a level 3 spell: Confuse
   831 | D:2      | Killed Natasha
   914 | D:2      | Reached skill level 5 in Stealth
   918 | D:2      | Slain by an adder

Vault maps used:
D:1:      lightli_molten_gateway, st_stairs_7
D:2:      lemuel_doored_altar, uniq_sigmund, uniq_natasha

Action                   || total
-------------------------++-------
Melee: Dagger            ||    80
 Cast: Corona            ||     1
       Ensorcelled Hiber ||     1
 Stab: Sleeping          ||     5
